 Dungeon Crawl Stone Soup version 0.29-a0-344-ge2f44be95a (webtiles) character file.

Game seed: 161669453784087110

780 HendSelp the Cutter (level 7, -4/37 HPs)
             Began as a Vine Stalker Fighter on Apr 21, 2022.
             Slain by Pikel
             ... wielding a +0 whip of flaming
              (7 damage)
             ... on level 4 of the Dungeon.
             The game lasted 00:05:17 (4507 turns).

HendSelp the Cutter (Vine Stalker Fighter)          Turns: 4507, Time: 00:05:17

Health: -4/37      AC: 19    Str: 19    XL:     7   Next: 85%
Magic:  0/8        EV:  6    Int:  8    God:
Gold:   167        SH:  0    Dex: 15    Spells: 6/6 levels left

rFire   . . .      SeeInvis .   a - +0 rapier
rCold   . . .      Faith    .   (no shield)
rNeg    . . .      Spirit   +   q - +0 plate armour
rPois   .          Reflect  .   d - +0 helmet
rElec   .          Harm     .   j - +2 cloak
rCorr   .          Rampage  .   (no gloves)
Will    .....                   o - +2 pair of boots
Stlth   ..........              (no amulet)
HPRegen 0.92/turn               (no ring)
MPRegen 0.11/turn               (no ring)

@: no status effects
A: fangs 2, regeneration 1, magic shield, antimagic bite, no potion heal 2
a: no special abilities


You were on level 4 of the Dungeon.
You visited 1 branch of the dungeon, and saw 5 of its levels.

You collected 167 gold pieces.

Inventory:

Hand Weapons
 a - a +0 rapier (weapon)
Armour
 c - a +0 buckler
 d - a +0 helmet (worn)
 j - a +2 cloak (worn)
 o - a +2 pair of boots (worn)
 q - a +0 plate armour (worn)
Wands
 e - a wand of polymorph (2)
 k - a wand of paralysis (1)
 t - a wand of flame (12)
Potions
 b - 2 potions of curing {unknown}
 f - 3 potions of magic
 g - a potion of heal wounds
 h - 4 potions of lignification {unknown}
 i - 6 potions of mutation
 l - a potion of degeneration {unknown}
 n - a potion of attraction {unknown}
 p - a potion of ambrosia {unknown}


   Skills:
 * Level 4.0 Fighting
 * Level 5.1 Short Blades
 * Level 4.1 Armour
 * Level 1.8 Dodging
 * Level 3.6 Shields


You had 6 spell levels left.
You didn't know any spells.
Your spell library contained the following spells:

 Spells                   Type           Power      Damage    Failure   Level
 Slow                     Hex            0%         N/A       100%        1
 Confusing Touch          Hex            0%         N/A       100%        3
 Vampiric Draining        Necr           0%         2d6       100%        3


Dungeon Overview and Level Annotations

Branches:
Dungeon (5/15)
 Temple: D:4-7

Altars:

Shops:
D:1 !(((:

Annotations:
D:4 Pikel


Innate Abilities, Weirdness & Mutations

You have extremely sharp teeth.
Your natural rate of healing is unusually fast.
When hurt, damage is shared between your health and your magic reserves.
Your bite disrupts and absorbs the magic of your enemies.
Potions cannot restore your health.


Message History

Deactivating autopickup; reactivate with Ctrl-A.
Something hits you.
* * * LOW HITPOINT WARNING * * *
Something shocks you.
* * * LOW HITPOINT WARNING * * *
The lemure hits you but does no damage.
Unknown command.
Unknown command.
Unknown command.
Unknown command.
Unknown command.
Unknown command.
Unknown command.
Unknown command.
Unknown command.
Unknown command.
Unknown command.
Unknown command.
Unknown command.
Unknown command.
Unknown command.
Unknown command.
Unknown command.
Unknown command.
Unknown command.
Unknown command.
Unknown command.
Unknown command.
Unknown command.
Unknown command.
Unknown command.
Unknown command.
Unknown command.
Unknown command.
Unknown command.
Unknown command.
Unknown command.
You barely miss Pikel. You bite Pikel, but do no damage.
Pikel hits you with a +0 whip of flaming!
You die...

###### ### ##....###.#
############ ####
#......##.##
#555.......###..###
.......##..#
##@K5.......#.....#
......###..#
#l{..........###.. ......#
##.## ##.........### ###
.....## #..## ##........#
.....# ##...## #........#
....## ##.....##
##......##
#...####.......####.....##
#....#..........##..#...#
##..)..#...[.......######


You could see Pikel, 4 lemures and an iguana.

Vanquished Creatures
  Sigmund (D:4)
  2 black bears (D:4)
  An ogre (D:4)
  A scorpion (D:4)
  Crazy Yiuf (D:3)
  2 iguanas (D:4)
  Natasha (thrice) (D:3)
  Ijyb (D:3)
  Robin (D:3)
  3 adders
  4 orcs
  6 endoplasms
  3 giant cockroaches
  14 goblins
  9 hobgoblins
  5 jackals
  6 kobolds
  4 quokkas
  7 ball pythons
  9 bats
  6 frilled lizards
  6 rats
95 creatures vanquished.

Notes
Turn   | Place    | Note
-------+----------+-------------------------------------------
     0 | D:1      | HendSelp the Vine Stalker Fighter began the quest for the
                  | Orb.
     0 | D:1      | Reached XP level 1. HP: 11/11 MP: 2/2
    38 | D:1      | Found Dorizuh's Weapon Boutique.
    58 | D:1      | Found Rumum's Distillery.
   478 | D:1      | Reached XP level 2. HP: 16/16 MP: 3/3
   479 | D:1      | Found Jourou's Weapon Shoppe.
   884 | D:1      | Found Muk Wiesm's Book Shoppe.
  1070 | D:1      | Found a faded altar of an unknown god.
  1077 | D:1      | Reached skill level 2 in Short Blades
  1116 | D:1      | Reached XP level 3. HP: 20/20 MP: 2/4
  1201 | D:1      | Found Plog's Weapon Shoppe.
  2025 | D:2      | Gained mutation: Your natural rate of healing is unusually
                  | fast. [Vine Stalker growth]
  2025 | D:2      | Reached XP level 4. HP: 21/24 MP: 5/5
  2224 | D:3      | Noticed Natasha
  2251 | D:3      | Killed Natasha
  2362 | D:3      | Noticed Ijyb
  2363 | D:3      | Noticed Robin
  2366 | D:3      | Paralysed by Ijyb for 3 turns
  2372 | D:3      | Killed Ijyb
  2373 | D:3      | Reached XP level 5. HP: 23/28 MP: 4/6
  2387 | D:3      | Killed Robin
  2849 | D:3      | Noticed Natasha
  2864 | D:3      | Killed Natasha
  2865 | D:3      | Reached skill level 3 in Short Blades
  2865 | D:3      | Reached skill level 1 in Dodging
  2887 | D:3      | Found a runed translucent door.
  2888 | D:3      | Noticed Crazy Yiuf
  2988 | D:3      | Noticed Natasha
  2991 | D:3      | Killed Natasha
  3326 | D:3      | Killed Crazy Yiuf
  3327 | D:3      | Reached XP level 6. HP: 32/32 MP: 7/7
  3483 | D:4      | Noticed a black bear
  3492 | D:4      | Killed a black bear
  3660 | D:4      | Noticed Sigmund
  3695 | D:4      | Killed Sigmund
  3696 | D:4      | Reached skill level 4 in Short Blades
  3696 | D:4      | Reached XP level 7. HP: 37/37 MP: 6/8
  4272 | D:4      | Reached skill level 5 in Short Blades
  4456 | D:5      | Entered Level 5 of the Dungeon
  4464 | D:5      | Noticed Pikel
  4507 | D:4      | Slain by Pikel

Illustrated notes

Levels and vault maps discovered:
D:1:      dreamdust_arrival_beginning_and_end, layout_rooms,
          hellmonk_ecumenical_altar_slurped_away, serial_shops,
          nicolae_lakefront_shop, nicolae_shop_crystal,
          nicolae_shop_statue_plus, nicolae_shop_window_shopping,
          nicolae_shop_bloodbath_and_beyond, hangedman_abyss_or_decor_stabs
D:2:      layout_rooms, minmay_domino_2
D:3:      layout_loops_corners, uniq_robin, uniq_crazy_yiuf_cottage,
          uniq_natasha, uniq_ijyb
D:4:      layout_cave_pods, chequers_serial_rivers_small_b,
          minmay_misc_feat_plants, uniq_sigmund
D:5:      kennysheep_big_flooded_room, layout_cave_pools, good_gods_temple_1,
          mainiacjoe_overflow_cross_hatched, minmay_temple_entry_glassed_door,
          minmay_ogre_servants, uniq_pikel

Skill      XL: |  1  2  3  4  5  6  7 |
---------------+----------------------+-----
Fighting       | 3 4 |  4.0
Short Blades   | 2 3 4 5 |  5.1
Armour         | 3 4 |  4.1
Shields        | 3 |  3.6
Dodging        | 1 |  1.8

Action                   |  1- 3 |  4- 6 |  7- 9 || total
-------------------------+-------+-------+-------++-------
Melee: Rapier            |   130 |   120 |    67 ||   317
       Bite              |    32 |    28 |    27 ||    87
       Punch             |       |     1 |     1 ||     2
       Unarmed           |       |    11 |       ||    11
Evoke: Wand              |       |     5 |     2 ||     7
  Use: Scroll            |     6 |     1 |     3 ||    10
       Potion            |       |     3 |       ||     3
 Stab: Paralysed         |       |    14 |       ||    14
Armor: Scale mail        |    73 |    55 |       ||   128
       Ring mail         |       |     8 |       ||     8
       Plate armour      |       |    34 |   108 ||   142
Dodge: Dodged            |    71 |    60 |    40 ||   171

Table legend: (Time is in decaauts)
 A = Elapsed time spent in this place.
 B = Non-inter-level travel time spent in this place.
 C = Inter-level travel time spent in this place.
 D = Time resting spent in this place.
 E = Time spent auto-exploring this place.
 F = Levels seen in this place.
 G = Mean time per level.
                   A        B        C        D        E       F      G
               +--------+--------+--------+--------+--------+-----+--------+
         Total |   4487 |   4195 |    292 |     12 |   3456 |   5 |  897.4 |
       Dungeon |   4487 |   4195 |    292 |     12 |   3456 |   5 |  897.4 |
               +--------+--------+--------+--------+--------+-----+--------+

Top non-repeatable levels by time:
     D:1: 1321 daAuts
     D:3: 1273 daAuts
     D:4: 974 daAuts
     D:2: 891 daAuts
     D:5: 28 daAuts
